 Dungeon Crawl Stone Soup version 0.31.0-32-g396128a36d (webtiles) character file.

Game seed: 7084663842389991230

3286 hernaldog the Cleaver (level 9, -1/79 HPs)
             Began as a Minotaur Berserker on Apr 9, 2024.
             Was an Elder of Trog.
             Killed from afar by an electric eel (8 damage)
             ... with a bolt of electricity
             ... on level 8 of the Dungeon on Apr 14, 2024.
             The game lasted 00:42:24 (8882 turns).

hernaldog the Cleaver (Minotaur Berserker)          Turns: 8882, Time: 00:42:25

Health: -1/79      AC:  9    Str: 29    XL:     9   Next: 69%
Magic:  2/2        EV: 12    Int:  6    God:    Trog [****..]
Gold:   353        SH:  0    Dex: 10    Spells: 8/8 levels left

rFire   + . .        a - +0 hand axe (antimagic)
rCold   + . .        (no shield)
rNeg    . . .        H - +2 leather armour {Will+}
rPois   +            (helmet restricted)
rElec   .            v - scarf of Mezcal {rC+ rF+, Str+5}
rCorr   .            J - +0 pair of gloves
SInv    +            A - +1 pair of boots
Will    +....        (no amulet)
Stlth   ++           t - ring of see invisible
HPRegen 0.33/turn    D - ring of poison resistance
MPRegen 0.08/turn

%: no passive effects
@: hasted, very quick
A: horns 2, retaliatory headbutt
a: Renounce Religion, Berserk, Trog's Hand, Brothers in Arms


You were on level 8 of the Dungeon.
You worshipped Trog.
Trog was greatly pleased with you.
You visited 1 branch of the dungeon, and saw 8 of its levels.

You collected 353 gold pieces.

Inventory:

Hand Weapons
 a - a +0 antimagic hand axe (weapon)
 b - a +0 sling
Missiles
 d - 94 stones (quivered)
 h - 11 boomerangs
 j - 11 javelins
 o - 26 poisoned darts
 G - a throwing net
 I - a curare-tipped dart
Armour
 g - a +0 scale mail
 k - a +0 cloak of willpower
 v - the scarf of Mezcal (worn) {rC+ rF+, Str+5}
   (You found it on level 3 of the Dungeon)

   Str+5:     It affects your strength (+5).
 A - a +1 pair of boots (worn)
 H - a +2 leather armour of willpower (worn)
 J - a +0 pair of gloves (worn)
Jewellery
 t - a ring of see invisible (left hand)
 D - a ring of poison resistance (right hand)
Wands
 p - a wand of flame (11)
 x - a wand of charming (11)
 y - a wand of polymorph (5)
 C - a wand of iceblast (11)
Scrolls
 f - 2 scrolls of noise
 i - 3 scrolls of revelation
 l - 3 scrolls of immolation
 m - a scroll of silence {unknown}
 n - 2 scrolls of fog {unknown}
 r - a scroll of torment {unknown}
 s - 4 scrolls of teleportation {unknown}
 u - 2 scrolls of enchant weapon
 E - a scroll of enchant armour {unknown}
 K - a scroll of poison {unknown}
 M - a scroll of fear {unknown}
Potions
 c - a potion of heal wounds
 e - a potion of haste
 q - a potion of berserk rage {unknown}
 w - a potion of lignification {unknown}
 B - a potion of enlightenment
 F - a potion of degeneration {unknown}
 L - 3 potions of might {unknown}


   Skills:
 + Level 7.4 Fighting
 * Level 9.6 Axes
 + Level 5.2 Throwing
 + Level 6.4 Armour
 - Level 2.3 Dodging
 + Level 4.3 Stealth
 + Level 4.3 Evocations


You had 8 spell levels left.
You didn't know any spells.
Your spell library was empty.

Dungeon Overview and Level Annotations

Branches:
Dungeon (8/15)             Temple (0/1) D:4
   Lair: D:8-11

Altars:
Dithmenos
Fedhas
Gozag
Hepliaklqana
Makhleb
Okawaru
Vehumet
Yredelemnul
Zin
The Shining One


Innate Abilities, Weirdness & Mutations

You have a pair of horns on your head.
You reflexively headbutt those who attack you in melee.


Message History

A troll comes into view.
A troll is nearby!
A troll is nearby!
There is an open door, spattered with blood here.
Things that are here:
a +0 club; a gnoll corpse You see here a +0 spear.
Things that are here:
a +0 halberd; a bullfrog corpse; a gnoll corpse
Okay, then.
Okay, then.
Okay, then.
You feel yourself speed up. The troll closely misses you.
You furiously retaliate!
You headbutt the troll! The troll claws you.
* * * LOW HITPOINT WARNING * * *
The troll closely misses you.
You hit the troll.
The troll is moderately wounded.
The troll bites you but does no damage. The troll claws you.
* * * LOW HITPOINT WARNING * * *
The troll misses you.
You closely miss the troll.
The troll is moderately wounded.
The troll bites you!
* * * LOW HITPOINT WARNING * * *
The troll barely misses you. The troll claws you.
* * * LOW HITPOINT WARNING * * *
Blink to where?
Press: ? - help, Dir - move target
As you read the scroll of blinking, it crumbles to dust.
You feel yourself speed up.
You recover from your berserk rage.
You see here a scroll of identify.
The electric eel shoots out a bolt of lightning at you!
The bolt of electricity hits you!
* * * LOW HITPOINT WARNING * * *
There is a stone staircase leading up here.
The electric eel shoots out a bolt of lightning at you!
The bolt of electricity hits you!
You die...

#######.##########..##..#
#.# #)#
#######T.###.####.. #)#
#.................# #T#
#.......##....###.# #)#
#.......#####..##.#
##)####.......# #..##.#
#....##.......# #...#.#
#....##..?....### #.#.#.#
#....##.@.....'.# #.#.#.#
#....##.......#.# #.#.#.#
#......................
######.......#...#
#.......#... ###.$.### ..
#~S...≈# ##≈...~≈#
#~~...≈##


You could see a troll and an electric eel.

Vanquished Creatures
  Maurice (D:6)
  A raiju (D:8)
  A steam dragon (D:7)
  Menkaure (D:6)
  A water moccasin (D:6)
  2 sky beasts (D:6)
  An ice beast (D:6)
  A black bear (D:6)
  3 ogres
  A phantom (D:4)
  A centaur (D:7)
  3 bullfrogs
  A kobold brigand (D:6)
  2 gnoll sergeants
  A scorpion (D:4)
  8 wights
  An electric eel (D:8)
  A crimson imp (D:4)
  2 orc priests
  3 hounds
  A jelly (D:5)
  2 sleepcaps
  2 iguanas (D:5)
  3 orc wizards
  17 gnolls
  4 adders
  4 ufetubi (D:6)
  2 dart slugs
  2 ribbon worms
  9 orcs
  9 ball pythons
  3 endoplasms
  3 giant cockroaches
  11 goblins
  8 hobgoblins
  7 jackals
  5 quokkas
  4 bats
  5 frilled lizards
  A goblin skeleton (D:4)
  A goblin zombie (D:4)
  4 hobgoblin zombies (D:4)
  15 kobolds
  A kobold skeleton (D:4)
  An orc skeleton (D:4)
  An orc zombie (D:4)
  4 rats
165 creatures vanquished.

Notes
Turn   | Place    | Note
-------+----------+-------------------------------------------
     0 | D:1      | hernaldog the Minotaur Berserker began the quest for the
                  | Orb.
     0 | D:1      | Reached XP level 1. HP: 19/19 MP: 0/0
   232 | D:1      | Reached XP level 2. HP: 18/27 MP: 1/1
   581 | D:1      | Reached skill level 4 in Axes
  1158 | D:2      | Reached XP level 3. HP: 27/33 MP: 2/2
  1162 | D:2      | Reached ** piety under Trog
  1186 | D:2      | Reached skill level 1 in Throwing
  1365 | D:2      | Reached XP level 4. HP: 25/40 MP: 3/3
  1369 | D:2      | Reached skill level 1 in Evocations
  2112 | D:3      | Reached skill level 1 in Stealth
  2256 | D:3      | Found a basalt altar of Yredelemnul.
  2311 | D:3      | Found a faded altar of an unknown god.
  2448 | D:3      | Identified the scarf of Mezcal {rC+ rF+, Str+5}
  2621 | D:3      | Reached skill level 5 in Axes
  2670 | D:3      | Reached XP level 5. HP: 46/46 MP: 1/4
  2799 | D:3      | Reached *** piety under Trog
  2837 | D:3      | Found a glowing silver altar of Zin.
  3061 | D:4      | Found a glowing golden altar of the Shining One.
  3124 | D:4      | Noticed a phantom
  3137 | D:4      | Killed a phantom
  3138 | D:4      | Reached XP level 6. HP: 42/53 MP: 1/5
  3661 | D:4      | Found a staircase to the Ecumenical Temple.
  4456 | D:5      | Entered Level 5 of the Dungeon
  4488 | D:5      | Reached skill level 6 in Axes
  4582 | D:4      | Reached skill level 5 in Fighting
  4589 | D:4      | Reached XP level 7. HP: 54/61 MP: 2/6
  4719 | D:5      | Found a hazy altar of Hepliaklqana.
  4785 | D:5      | Found a radiant altar of Vehumet.
  4785 | D:5      | Found a blossoming altar of Fedhas.
  5826 | D:6      | Found an iron altar of Okawaru.
  5847 | D:6      | Reached skill level 7 in Axes
  5849 | D:6      | Reached XP level 8. HP: 69/69 MP: 2/7
  6307 | D:6      | Noticed Menkaure
  6312 | D:6      | Killed Menkaure
  6506 | D:6      | Reached skill level 5 in Armour
  7068 | D:6      | Reached skill level 8 in Axes
  7213 | D:7      | Noticed Maurice
  7213 | D:7      | Found a sand-covered staircase.
  7240 | D:6      | Maurice stole 24 poisoned darts
  7259 | D:6      | Killed Maurice
  7260 | D:6      | Reached XP level 9. HP: 66/78 MP: 1/8
  7317 | D:7      | Found a burning altar of Makhleb.
  7317 | D:7      | Found a shadowy altar of Dithmenos.
  7338 | D:7      | Reached **** piety under Trog
  7949 | D:7      | Reached skill level 9 in Axes
  8110 | D:7      | Found an opulent altar of Gozag.
  8697 | D:8      | Reached skill level 5 in Throwing
  8851 | D:8      | Noticed a troll
  8882 | D:8      | Killed from afar by an electric eel

Illustrated notes

Levels and vault maps discovered:
D:1:      minmay_arrival_radiant_lines, layout_loops_corners,
          minmay_pentomino_r4
D:2:      layout_basic, minmay_mini_jars
D:3:      layout_basic, general_overflow_altar,
          mainiacjoe_overflow_small_starburst,
          hellmonk_ecumenical_altar_pennies_from_heaven
D:4:      layout_basic, nicolae_tso_besieged_by_evil, minmay_temple_entry_tees,
          due_unseen_surprise
D:5:      layout_cave_pools, mainiacjoe_overflow_divided_tiny,
          nicolae_hepliaklqana_hippocampus
D:6:      layout_basic, kennysheep_mini_moat, uniq_menkaure
D:7:      layout_basic, nicolae_overflow_crystal_walls, jmf_multi_god_temple,
          enter_ossuary_1, hangedman_decor_diamond_cutter, uniq_maurice
D:8:      layout_basic, mainiacjoe_overflow_24_doors,
          nicolae_have_a_lightning_rod, uniq_joseph

Skill      XL: |  1  2  3  4  5  6  7  8  9 |
---------------+----------------------------+-----
Axes           | 4 5 6 7 8 9 |  9.6
Throwing       | 1 2 3 4 5 |  5.2
Fighting       | 4 5 6 7 |  7.4
Evocations     | 1 2 3 4 |  4.3
Armour         | 3 4 5 6 |  6.4
Stealth        | 1 2 3 4 |  4.3
Dodging        | |  2.3

Action                     |  1- 3 |  4- 6 |  7- 9 || total
---------------------------+-------+-------+-------++-------
  Melee: Hand axe          |    61 |   157 |   229 ||   447
         Headbutt          |     5 |    20 |    47 ||    72
         Punch             |       |     1 |     4 ||     5
   Fire: Sling             |       |    32 |     4 ||    36
  Throw: Javelin           |     2 |       |     8 ||    10
 Invoke: Berserk           |     1 |     1 |     5 ||     7
         Trog's Hand       |       |       |     2 ||     2
    Use: Scroll            |       |       |    10 ||    10
         Potion            |       |       |     1 ||     1
 Armour: Animal skin       |    23 |       |       ||    23
         Scale mail        |    24 |    85 |   107 ||   216
         Ring mail         |     2 |       |       ||     2
         Leather armour    |       |       |    74 ||    74
  Dodge: Dodged            |    45 |    92 |   144 ||   281
